 Dungeon Crawl Stone Soup version 0.17-a0-1701-gf693a3f (webtiles) character file.

114 urechis the Ruffian (level 4, -13/36 (38) HPs)
             Began as a Ghoul Monk on Aug 21, 2015.
             Mangled by urechis's ghost (14 damage)
             ... on level 3 of the Dungeon.
             The game lasted 00:02:48 (2624 turns).

urechis the Ruffian (Ghoul Monk)                    Turns: 2624, Time: 00:02:48

HP:   -13/36 (38)   AC:  5    Str: 14    XL:     4   Next: 97%
MP:   3/3           EV: 12    Int:  5    God:
Gold: 144           SH:  0    Dex: 12    Spells: 0 memorised, 3 levels left

rFire  . . .     SeeInvis .       - Unarmed
rCold  + . .     Clarity  .     a - +0 robe
rNeg   + + +     SustAt   .     (no shield)
rPois  ∞         Gourm    .     (no helmet)
rElec  .         Spirit   .     s - +0 cloak (curse)
rCorr  .         Warding  .     i - +1 pair of gloves
rMut   .         Stasis   .     (no boots)
MR     +....                    (no amulet)
Stlth  ++........               (no ring)
                                p - ring of protection from magic

@: rotting, somewhat resistant to hostile enchantments, unstealthy
A: rotting body, claws 1, carnivore 3, cold resistance 1, negative energy
resistance 3, slow healing 1, torment resistance, unbreathing
a: no special abilities


You were on level 3 of the Dungeon.
You were not hungry.

You visited 1 branch of the dungeon, and saw 3 of its levels.

You collected 144 gold pieces.

Inventory:

Armour
 a - a +0 robe (worn)
 i - a +1 pair of gloves (worn)
 s - a cursed +0 cloak (worn)
Jewellery
 p - a ring of protection from magic (left hand)
Magical devices
 k - a wand of digging (13)
Scrolls
 d - 2 scrolls of enchant armour {unknown}
 e - 2 scrolls of magic mapping {unknown}
 f - 3 scrolls of fog {unknown}
 l - a scroll of immolation {unknown}
 m - 4 scrolls of identify {unknown}
 n - a scroll of teleportation {unknown}
 r - a scroll of noise {unknown}
 t - 3 scrolls of remove curse {unknown}
 u - a scroll of random uselessness {unknown}
 w - a scroll of recharging {unknown}
Potions
 c - a potion of mutation {unknown}
 g - a potion of magic {unknown}
 h - a potion of curing {unknown}
 o - 2 potions of heal wounds {unknown}
 q - a potion of lignification {unknown}
 v - a potion of poison {unknown}
Comestibles
 b - 3 meat rations
 j - 3 beef jerkies


   Skills:
 - Level 3.2 Fighting
 - Level 2.6 Dodging
 - Level 2.1 Stealth
 + Level 6.7 Unarmed Combat


You had 3 spell levels left.
You didn't know any spells.

Dungeon Overview and Level Annotations

Branches:
Dungeon (3/15)

Altars:
Fedhas

Annotations:
D:3 urechis's ghost, average OgGl


Innate Abilities, Weirdness & Mutations

Your body is rotting away.
You thrive on raw meat.
You are immune to poison.
You have sharp fingernails.
You are carnivorous and can eat meat at any time.
Your flesh is cold resistant.
You are immune to negative energy.
You heal slowly when monsters are visible.
You are immune to unholy pain and torment.
You can survive without breathing.


Message History

Urechis's ghost barely misses you.
You closely miss urechis's ghost.
Urechis's ghost is heavily damaged.
You hit urechis's ghost.
Urechis's ghost is heavily damaged.
Urechis's ghost closely misses you.
You hit urechis's ghost.
Urechis's ghost is heavily damaged.
Urechis's ghost hits you.
* * * LOW HITPOINT WARNING * * *
You hit urechis's ghost.
Urechis's ghost is heavily damaged.
Urechis's ghost hits you!
* * * LOW HITPOINT WARNING * * *
You see here 3 gold pieces.
Urechis's ghost hits you but does no damage.
There is an open door here.
Urechis's ghost makes a sound of rattling chains.
Urechis's ghost hits you!
You die...

#### #########.# #######
#.# ......# #.# ......#
#.# ......# #.#
#####################.#
....................#.#
##.....############.#.#
.'.....'........@.....#
##.....#.......W###.###
#.....)........# #.#
#.....#........# #.#
#.....#........###.######
#.....####'######.......#
#.....# #.##.# #######†#
.+.......##.##.#########.#
## ........$##.#.........#


You could see urechis's ghost.

Vanquished Creatures
  5 adders
  A worm (D:2)
  4 giant geckos
  6 bats
  5 giant cockroaches
  9 goblins
  9 hobgoblins
  2 kobolds (D:3)
  A quokka (D:2)
  7 ball pythons
  4 giant newts
  12 rats
65 creatures vanquished.

Notes
Turn   | Place    | Note
--------------------------------------------------------------
     0 | D:1      | urechis the Ghoul Monk began the quest for the Orb.
     0 | D:1      | Reached XP level 1. HP: 19/19 MP: 0/0
   235 | D:1      | Reached XP level 2. HP: 21/26 MP: 1/1
   296 | D:1      | Reached skill level 5 in Unarmed Combat
   841 | D:2      | Found a faded altar to an unknown god.
   884 | D:2      | Reached XP level 3. HP: 29/29 MP: 2/2
  1312 | D:2      | Reached skill level 6 in Unarmed Combat
  1312 | D:2      | Reached XP level 4. HP: 22/34 MP: 3/3
  2420 | D:3      | Found a blossoming altar of Fedhas.
  2604 | D:3      | Noticed urechis's ghost (average OgGl)
  2615 | D:3      | HP: 1/36 [urechis's ghost (13)]
  2624 | D:3      | Mangled by urechis's ghost

Vault maps used:
D:1:      dpeg_arrival_triangle_fractal
D:2:      ecumenical_altar_2, st_stairs_11, minmay_shallow_snake_nest
D:3:      first_bread, fedhas_altar_2

Action                   |  1- 3 |  4- 6 || total
-------------------------+-------+-------++-------
Melee: Unarmed           |   115 |    86 ||   201
 Stab: Sleeping          |     5 |     4 ||     9
       Distracted        |       |     1 ||     1
  Eat: Chunk             |       |     8 ||     8
